 Dungeon Crawl Stone Soup version 0.32-a0-361-g289a535e89 (webtiles) character file.

Game seed: 14566579764335422589

75 petete the Shooter (level 4, 0/34 HPs)
             Began as a Coglin Hunter on Feb 18, 2024.
             Slain by an adder (3 damage)
             ... on level 2 of the Dungeon.
             The game lasted 00:04:22 (1309 turns).

petete the Shooter (Coglin Hunter)                  Turns: 1309, Time: 00:04:23

Health: 0/34       AC:  4    Str: 11    XL:     4   Next: 31%
Magic:  13/13      EV:  9    Int:  8    God:
Gold:   84         SH:  0    Dex: 20    Spells: 3/3 levels left

rFire   . . .        a - +0 shortbow {Hajoon}
rCold   . . .        (shield currently unavailable)
rNeg    . . .        c - +0 leather armour
rPois   .            (no helmet)
rElec   .            (no cloak)
rCorr   .            j - +0 pair of gloves
SInv    .            (no boots)
Will    .....        (no amulet)
Stlth   ++           e - ring of magical power
HPRegen 0.25/turn    (no ring)
MPRegen 0.13/turn

%: no passive effects
@: constricted, revved, stiff-legged, very slow
A: off-hand wielding, slow wielding, warmup strikes, warmup strides
a: no special abilities


You were on level 2 of the Dungeon.
You visited 1 branch of the dungeon, and saw 2 of its levels.

You collected 84 gold pieces.

Inventory:

Hand Weapons
 a - a +0 shortbow (weapon) {Hajoon}
 d - a -2 sling
 i - a +2 dagger of draining
Armour
 c - a +0 leather armour (worn)
 j - a +0 pair of gloves (worn)
Jewellery
 e - a ring of magical power (left grasper)
 n - an amulet of the acrobat
Scrolls
 b - a scroll of butterflies
 f - 2 scrolls of amnesia {unknown}
 h - a scroll of silence {unknown}
 k - a scroll of identify {unknown}
 o - a scroll of teleportation {unknown}
 q - a scroll of noise {unknown}
 r - 2 scrolls of blinking {unknown}
Potions
 g - a potion of haste {unknown}
 l - a potion of invisibility {unknown}
 m - a potion of curing {unknown}
 p - a potion of magic {unknown}


   Skills:
 + Level 2.6 Fighting
 + Level 4.5 Ranged Weapons
 - Level 2.4 Dodging
 - Level 0.7 Stealth


You had 3 spell levels left.
You didn't know any spells.
Your spell library was empty.

Dungeon Overview and Level Annotations

Branches:
Dungeon (2/15)

Altars:


Innate Abilities, Weirdness & Mutations

You can wield a second weapon in your off-hand.
It takes a long time for you to wield or remove held weapons.
Your first few attacks do less damage.
Your first movements take longer.


Message History

The adder is almost dead.
You feel sick. The adder bites you. The ball python bites you.
The ball python closely misses you. The adder barely misses you.
The ball python misses you. The ball python grabs you.
The ball python constricts you.
You shoot an arrow. The arrow misses the adder.
You feel sick. The adder bites you but does no damage.
The ball python barely misses you. The ball python constricts you.
You shoot an arrow. The arrow closely misses the adder.
You feel sick. The adder barely misses you. The ball python bites you.
The ball python constricts you. The adder barely misses you.
The ball python bites you but does no damage.
The ball python constricts you.
You shoot an arrow. The arrow closely misses the adder.
You feel sick. The adder barely misses you. The ball python closely misses you.
The ball python constricts you. The adder bites you.
You are more poisoned.
The adder poisons you!
You shoot an arrow. The arrow misses the adder.
You feel sick.
The ball python bites you but does no damage.
The ball python constricts you. The adder barely misses you.
The ball python bites you.
* * * LOW HITPOINT WARNING * * *
The ball python constricts you.
* * * LOW HITPOINT WARNING * * *
You shoot an arrow. The arrow misses the adder.
You feel sick. The adder bites you but does no damage.
The ball python bites you.
* * * LOW HITPOINT WARNING * * *
The ball python constricts you. The adder bites you but does no damage.
You shoot an arrow. The arrow misses the adder.
You feel sick.
The ball python bites you but does no damage.
The ball python constricts you. The adder completely misses you.
The ball python closely misses you. The ball python constricts you.
You shoot an arrow. The arrow closely misses the adder.
You feel sick. The adder barely misses you. The ball python closely misses you.
The ball python constricts you. The adder bites you but does no damage.
You shoot an arrow. The arrow closely misses the adder.
You feel sick.
You are no longer poisoned.
The adder bites you.
You die...

#.#
#........#####
#.# #........#
#.# #........#
#.# #.# #.#
#.# #.#######
#@.....?#
#SS......
#........
#........
#........
#........
#........
#........


You could see an adder and a ball python.

Vanquished Creatures
  An adder (D:2)
  2 dart slugs (D:1)
  A ribbon worm (D:2)
  2 bats
  An endoplasm (D:2)
  6 goblins
  5 hobgoblins (D:1)
  3 jackals (D:1)
  A kobold (D:2)
  3 quokkas
  3 ball pythons
  4 frilled lizards (D:1)
  A rat (D:2)
33 creatures vanquished.

Notes
Turn   | Place    | Note
-------+----------+-------------------------------------------
     0 | D:1      | petete the Coglin Hunter began the quest for the Orb.
     0 | D:1      | Reached XP level 1. HP: 16/16 MP: 1/1
    27 | D:1      | Found a faded altar of an unknown god.
   180 | D:1      | Reached XP level 2. HP: 23/23 MP: 2/2
   261 | D:1      | Reached skill level 4 in Ranged Weapons
   318 | D:1      | Reached XP level 3. HP: 7/28 MP: 3/3
   319 | D:1      | HP: 1/28 [hobgoblin/+0 short sword (2)]
   326 | D:1      | HP: 1/28 [frilled lizard (2)]
   905 | D:2      | Reached XP level 4. HP: 20/34 MP: 4/4
  1309 | D:2      | Slain by an adder

Illustrated notes

Levels and vault maps discovered:
D:1:      lightli_arrival_statue_moat, layout_basic,
          ebering_ecumenical_altar_rust, hangedman_feature_mirror
D:2:      layout_basic

Skill      XL: |  1  2 |
---------------+-------+-----
Ranged Weapons | 4 |  4.5
Dodging        | 2 |  2.4
Fighting       | |  2.6
Stealth        | |  0.7

Action                     |  1- 3 |  4- 6 || total
---------------------------+-------+-------++-------
   Fire: Shortbow          |    82 |    49 ||   131
 Armour: Leather armour    |    15 |    20 ||    35
  Dodge: Dodged            |    27 |    22 ||    49

Table legend: (Time is in decaauts)
 A = Elapsed time spent in this place.
 B = Non-inter-level travel time spent in this place.
 C = Inter-level travel time spent in this place.
 D = Time resting spent in this place.
 E = Time spent auto-exploring this place.
 F = Levels seen in this place.
 G = Mean time per level.
                   A        B        C        D        E       F      G
               +--------+--------+--------+--------+--------+-----+--------+
         Total |   1396 |   1356 |     40 |    107 |    991 |   2 |  698.0 |
       Dungeon |   1396 |   1356 |     40 |    107 |    991 |   2 |  698.0 |
               +--------+--------+--------+--------+--------+-----+--------+

Top non-repeatable levels by time:
     D:1: 890 daAuts
     D:2: 506 daAuts
